 Dungeon Crawl Stone Soup version 0.29-a0-398-ge13fd1374b (webtiles) character file.

Game seed: 2535608507827706058

2165 croobank the Covert (level 9, -4/74 HPs)
             Began as a Gnoll Delver on May 12, 2022.
             Succumbed to a gnoll sergeant's poison
             ... on level 7 of the Dungeon.
             The game lasted 00:41:49 (8652 turns).

croobank the Covert (Gnoll Delver)                  Turns: 8652, Time: 00:41:49

Health: -4/74      AC:  8    Str: 13    XL:     9   Next: 32%
Magic:  24/24      EV: 11    Int: 13    God:
Gold:   118        SH: 13    Dex: 15    Spells: 16/16 levels left

rFire   + . .      SeeInvis +   a - +0 war axe (elec)
rCold   + . .      Faith    .   e - +4 kite shield
rNeg    . . .      Spirit   .   k - +1 ring mail "Jisch" {SInv}
rPois   .          Reflect  .   u - +0 helmet
rElec   .          Harm     .   (no cloak)
rCorr   .          Rampage  .   (no gloves)
Will    .....      Rage     1%  (no boots)
Stlth   ++++......              (no amulet)
HPRegen 0.22/turn               m - ring of magical power
MPRegen 0.19/turn               x - ring of protection from cold

@: lethally poisoned (-4 -> -23)
A: fangs 1, strong nose, distributed training, berserk 1, fire resistance 1,
strong 1
a: no special abilities


You were on level 7 of the Dungeon.
You visited 1 branch of the dungeon, and saw 7 of its levels.

You collected 230 gold pieces.
You spent 112 gold pieces at shops.

Inventory:

Hand Weapons
 a - a +0 war axe of electrocution (weapon)
 b - a +1 shortbow of flaming
 h - a +3 short sword
 o - a +0 mace of protection
 p - a +3 hand axe
 q - a +4 battleaxe
 r - a +2 flail
 s - a +5 falchion
 y - a +0 hunting sling
Missiles
 d - 28 poisoned darts (quivered)
 l - 2 boomerangs
 n - 258 stones
Armour
 e - a +4 kite shield (worn)
 j - a +0 chain mail
 k - the +1 ring mail "Jisch" (worn) {SInv}
   (You found it on level 2 of the Dungeon)

   SInv:      It lets you see invisible.
 u - a +0 helmet (worn)
 v - a +0 leather armour
Jewellery
 m - a ring of magical power (left hand)
 x - a ring of protection from cold (right hand)
Wands
 g - a wand of digging (3)
Scrolls
 c - a scroll of fog
 i - a scroll of amnesia
 w - a scroll of magic mapping
Potions
 f - 2 potions of cancellation
 t - a potion of mutation


   Skills:
 + Level 7.8 Fighting
 + Level 4.1 Short Blades
 + Level 4.1 Long Blades
 + Level 6.2 Axes
 + Level 4.1 Maces & Flails
 + Level 4.1 Polearms
 + Level 4.1 Staves
 + Level 4.1 Slings
 + Level 4.1 Bows
 + Level 4.1 Crossbows
 + Level 4.1 Throwing
 + Level 4.1 Armour
 + Level 6.2 Dodging
 + Level 10.4 Stealth
 + Level 4.1 Shields
 + Level 4.1 Unarmed Combat
 + Level 4.1 Spellcasting
 + Level 3.4 Conjurations
 + Level 3.4 Hexes
 + Level 3.4 Summonings
 + Level 3.4 Necromancy
 + Level 3.4 Translocations
 + Level 3.4 Transmutations
 + Level 3.4 Fire Magic
 + Level 3.4 Ice Magic
 + Level 3.4 Air Magic
 + Level 3.4 Earth Magic
 + Level 3.4 Poison Magic
 + Level 4.5 Invocations
 + Level 4.1 Evocations


You had 16 spell levels left.
You didn't know any spells.
Your spell library contained the following spells:

 Spells                   Type           Power      Damage    Failure   Level
 Animate Skeleton         Necr           22%        N/A       30%         1
 Pain                     Necr           44%        1d6       30%         1
 Static Discharge         Conj/Air       11%        N/A       43%         2
 Vampiric Draining        Necr           11%        2d6       67%         3
 Summon Ice Beast         Ice/Summ       11%        N/A       97%         4
 Lightning Bolt           Conj/Air       5%         1d17      100%        5
 Summon Mana Viper        Hex/Summ       11%        N/A       100%        5
 Monstrous Menagerie      Summ           5%         N/A       100%        7
 Maxwell's Capacitive Co  Air            5%         ∞         100%        8


Dungeon Overview and Level Annotations

Branches:
Dungeon (7/15)
 Temple: D:4-7

Altars:
Fedhas
Yredelemnul

Shops:
D:1 :   D:2 *   D:4 *


Innate Abilities, Weirdness & Mutations

You have very sharp teeth.
Your uncanny sense of smell can sniff out nearby items.
Your experience applies equally to all skills.
You tend to lose your temper in combat.
Your flesh is heat resistant. (rF+)
Your muscles are strong. (Str +2)


Message History

The gnoll closely misses you. You block the gnoll sergeant's attack.
The gnoll sergeant hits you with a +2 spear of venom.
* * * LOW HITPOINT WARNING * * *
You are more poisoned.
The gnoll hits you from afar with a +0 spear.
* * * LOW HITPOINT WARNING * * *
Okay, then.
Okay, then.
Sorry, you're not good enough to have a special ability.
Okay, then.
Sorry, you're not good enough to have a special ability.
Unknown command.
Search for what [? for help]? gozag Can't find anything matching that.
Search for what [Enter for "gozag", or ? for help]?
Temple Can't find anything matching that.
Unknown command.
(D) Dungeon
Where to? (Enter - D:7, ? - help)
Okay, then.
Okay, then.
Okay, then.
You closely miss the gnoll sergeant.
You bite the gnoll sergeant, but do no damage.
The gnoll sergeant is severely wounded.
* * * LOW HITPOINT WARNING * * *
You feel very sick. You block the gnoll's attack.
The gnoll sergeant barely misses you.
You hit the gnoll sergeant.
You bite the gnoll sergeant, but do no damage.
The gnoll sergeant is severely wounded.
* * * LOW HITPOINT WARNING * * *
You feel very sick. You block the gnoll's attack.
The gnoll sergeant hits you with a +2 spear of venom!
* * * LOW HITPOINT WARNING * * *
You are more poisoned.
You hit the gnoll sergeant.
The gnoll sergeant is almost dead.
You die...

#g ( g## ###..#
###+######.....
........##.##.#
#.###...##g##.####
#...@g..#.##..
#...##..#!##.#
.............##.# ..
#####..##..#.##.###...#
#.................#
##.###.#.##.####.# #.#
#.#.##.# .. #.#.##.#
##.#.##.###


You could see a gnoll sergeant (poisoned) and a gnoll.

Vanquished Creatures
  Grinder (D:5)
  2 steam dragons (D:6)
  An ice beast (D:6)
  2 black bears
  A centaur (D:6)
  2 phantoms
  A kobold brigand (D:7)
  3 scorpions
  A necrophage (D:6)
  4 wights
  5 killer bees (D:5)
  A howler monkey (D:6)
  2 jellies (D:6)
  A gnoll shaman (D:6)
  An iguana (D:6)
  Natasha (thrice) (D:2)
  2 orc wizards (D:6)
  5 gnolls
  9 adders
  A white imp (D:5)
  An ufetubus (D:3)
  2 worms
  3 dart slugs
  18 orcs
  6 ball pythons
  7 endoplasms
  3 giant cockroaches
  8 goblins
  7 hobgoblins
  6 jackals
  2 quokkas
  6 bats
  5 frilled lizards
  9 kobolds
  A rat (D:2)
132 creatures vanquished.

Notes
Turn   | Place    | Note
-------+----------+-------------------------------------------
     0 | D:5      | Reached skill level 9 in Stealth
     0 | D:5      | croobank the Gnoll Delver began the quest for the Orb.
     0 | D:5      | Reached XP level 1. HP: 23/23 MP: 1/1
    68 | D:5      | Noticed Grinder
    82 | D:4      | Found Xerph's Assorted Antiques.
   407 | D:3      | Reached XP level 2. HP: 29/29 MP: 2/2
   461 | D:2      | Found a basalt altar of Yredelemnul.
   668 | D:2      | Reached XP level 3. HP: 7/35 MP: 3/3
   955 | D:1      | Found a faded altar of an unknown god.
  1111 | D:1      | Reached skill level 1 in Invocations
  1384 | D:1      | Found Suivedd's Book Boutique.
  1447 | D:1      | Reached skill level 1 in Short Blades
  1447 | D:1      | Reached skill level 1 in Long Blades
  1447 | D:1      | Reached skill level 1 in Maces & Flails
  1447 | D:1      | Reached skill level 1 in Polearms
  1447 | D:1      | Reached skill level 1 in Staves
  1447 | D:1      | Reached skill level 1 in Slings
  1447 | D:1      | Reached skill level 1 in Bows
  1447 | D:1      | Reached skill level 1 in Crossbows
  1447 | D:1      | Reached skill level 1 in Throwing
  1447 | D:1      | Reached skill level 1 in Armour
  1447 | D:1      | Reached skill level 1 in Shields
  1447 | D:1      | Reached skill level 1 in Unarmed Combat
  1447 | D:1      | Reached skill level 1 in Spellcasting
  1447 | D:1      | Reached skill level 1 in Evocations
  1587 | D:1      | Reached XP level 4. HP: 37/41 MP: 5/5
  1690 | D:2      | Identified the +1 ring mail "Jisch" {SInv}
  1741 | D:2      | Found Syul's Assorted Antiques.
  1908 | D:2      | Noticed Natasha
  1937 | D:2      | Gained mutation: You tend to lose your temper in combat.
                  | [potion of mutation]
  1937 | D:2      | Gained mutation: Your flesh is heat resistant. (rF+)
                  | [potion of mutation]
  1937 | D:2      | Gained mutation: Your muscles are strong. (Str +2) [potion
                  | of mutation]
  1947 | D:2      | Killed Natasha
  1948 | D:2      | Reached skill level 1 in Conjurations
  1948 | D:2      | Reached skill level 1 in Hexes
  1948 | D:2      | Reached skill level 1 in Summonings
  1948 | D:2      | Reached skill level 1 in Necromancy
  1948 | D:2      | Reached skill level 1 in Translocations
  1948 | D:2      | Reached skill level 1 in Transmutations
  1948 | D:2      | Reached skill level 1 in Fire Magic
  1948 | D:2      | Reached skill level 1 in Ice Magic
  1948 | D:2      | Reached skill level 1 in Air Magic
  1948 | D:2      | Reached skill level 1 in Earth Magic
  1948 | D:2      | Reached skill level 1 in Poison Magic
  1991 | D:2      | Reached XP level 5. HP: 39/47 MP: 6/6
  2216 | D:2      | Noticed Natasha
  2226 | D:2      | Killed Natasha
  2274 | D:2      | Noticed Natasha
  2283 | D:2      | Killed Natasha
  2803 | D:3      | You fall into a shaft and drop 1 floor!
  2925 | D:4      | Reached XP level 6. HP: 45/53 MP: 8/8
  2985 | D:4      | Bought a scroll labelled YSTRYID OCSY for 25 gold pieces
  2985 | D:4      | Bought a scroll of magic mapping for 87 gold pieces
  3082 | D:4      | Reached skill level 5 in Axes
  3082 | D:4      | Reached skill level 5 in Dodging
  3170 | D:4      | Found a blossoming altar of Fedhas.
  4136 | D:6      | Reached XP level 7. HP: 50/60 MP: 10/10
  4294 | D:6      | Reached skill level 10 in Stealth
  5267 | D:5      | Reached XP level 8. HP: 11/67 MP: 12/12
  6588 | D:5      | Killed Grinder
  6726 | D:5      | HP: 1/67 [killer bee (8)]
  7371 | D:5      | Reached XP level 9. HP: 52/72 MP: 14/14
  8651 | D:7      | HP: 2/74 [gnoll sergeant/+2 spear of venom (7)]
  8652 | D:7      | Succumbed to a gnoll sergeant's poison

Illustrated notes

Levels and vault maps discovered:
D:1:      shiori_arrival_elements, layout_basic,
          shapermc_ecumenical_altar_mp_highgroup, serial_shops,
          nicolae_square_shop
D:2:      layout_loops_cross, basic_altar, serial_rivers,
          chequers_serial_rivers_marsh, chequers_serial_rivers_large_a,
          chequers_serial_rivers_small_b, chequers_serial_rivers_micro_a,
          serial_shops, nicolae_lakefront_shop, uniq_natasha
D:3:      layout_basic, amcnicky_mini_corridor_feature
D:4:      cheibrodos_quashed, layout_cave_pools, lemuel_round_altar,
          serial_shops, nicolae_stop_n_shop_2
D:5:      layout_layer_cave, uniq_grinder
D:6:      layout_gridville, ebering_dispersal_statue_hall
D:7:      layout_loops_ring, temple_fountains, serial_rivers,
          chequers_serial_rivers_room_b, chequers_serial_rivers_large_b,
          chequers_serial_rivers_micro_b, chequers_serial_rivers_micro_a,
          kennysheep_pointless_box, minmay_misc_feat_doors, serial_bayou_pond_a,
          minmay_crystal_water

Skill      XL: |  1  2  3  4  5  6  7  8  9 |
---------------+----------------------------+-----
Stealth        | 10 | 10.4
Invocations    | 1 2 3 4 |  4.5
Short Blades   | 1 2 3 4 |  4.1
Long Blades    | 1 2 3 4 |  4.1
Maces & Flails | 1 2 3 4 |  4.1
Polearms       | 1 2 3 4 |  4.1
Staves         | 1 2 3 4 |  4.1
Slings         | 1 2 3 4 |  4.1
Bows           | 1 2 3 4 |  4.1
Crossbows      | 1 2 3 4 |  4.1
Throwing       | 1 2 3 4 |  4.1
Armour         | 1 2 3 4 |  4.1
Shields        | 1 2 3 4 |  4.1
Unarmed Combat | 1 2 3 4 |  4.1
Spellcasting   | 1 2 3 4 |  4.1
Evocations     | 1 2 3 4 |  4.1
Conjurations   | 1 2 3 |  3.4
Hexes          | 1 2 3 |  3.4
Summonings     | 1 2 3 |  3.4
Necromancy     | 1 2 3 |  3.4
Translocations | 1 2 3 |  3.4
Transmutations | 1 2 3 |  3.4
Fire Magic     | 1 2 3 |  3.4
Ice Magic      | 1 2 3 |  3.4
Air Magic      | 1 2 3 |  3.4
Earth Magic    | 1 2 3 |  3.4
Poison Magic   | 1 2 3 |  3.4
Axes           | 5 6 |  6.2
Dodging        | 5 6 |  6.2
Fighting       | 7 |  7.8

Action                   |  1- 3 |  4- 6 |  7- 9 || total
-------------------------+-------+-------+-------++-------
Melee: Hand axe          |   105 |    22 |       ||   127
       Bite              |     9 |    17 |    23 ||    49
       Punch             |     1 |       |     1 ||     2
       War axe           |       |   166 |   151 ||   317
 Fire: Shortbow          |       |       |     1 ||     1
Throw: Dart              |       |       |    27 ||    27
Evoke: Wand              |       |       |    13 ||    13
  Use: Scroll            |     6 |     5 |     4 ||    15
       Potion            |     1 |     4 |     2 ||     7
 Stab: Sleeping          |     9 |    10 |     3 ||    22
Armor: Leather armour    |    18 |     1 |       ||    19
       Ring mail         |       |    67 |    43 ||   110
Dodge: Dodged            |    84 |    86 |    84 ||   254
Block: Kite shield       |     6 |   138 |   157 ||   301

Table legend: (Time is in decaauts)
 A = Elapsed time spent in this place.
 B = Non-inter-level travel time spent in this place.
 C = Inter-level travel time spent in this place.
 D = Time resting spent in this place.
 E = Time spent auto-exploring this place.
 F = Levels seen in this place.
 G = Mean time per level.
                   A        B        C        D        E       F      G
               +--------+--------+--------+--------+--------+-----+--------+
         Total |   8837 |   8531 |    306 |   3301 |   3073 |   7 | 1262.4 |
       Dungeon |   8837 |   8531 |    306 |   3301 |   3073 |   7 | 1262.4 |
               +--------+--------+--------+--------+--------+-----+--------+

Top non-repeatable levels by time:
     D:5: 3089 daAuts
     D:6: 1901 daAuts
     D:2: 1050 daAuts
     D:1: 994 daAuts
     D:3: 704 daAuts
     D:4: 695 daAuts
     D:7: 401 daAuts
